 Dungeon Sprint DCSS version 0.16-a0-4092-gb8933cd (webtiles) character file.

1300000 BluebellGnoll the Fiendish (level 15, -26/115 HPs)
             Began as a Demonspawn Warper on Feb 24, 2015.
             Was a Priest of Makhleb.
             Annihilated by a meat berserker
             ... wielding a +9 battleaxe
              (57 damage)
             ... in the Dungeon (Sprint VIII: "Arena of Blood").
             The game lasted 00:00:55 (13 turns).

BluebellGnoll the Fiendish (Demonspawn Warper)        Turns: 13, Time: 00:00:55

Health: -26/115    AC:  9    Str: 12    XL:     15   Next: 4%
Magic:  0/38       EV: 31    Int: 14    God:    Makhleb [***...]
Gold:   0          SH:  0    Dex: 19    Spells: 1 memorised, 34 levels left

rFire  . . .     SeeInvis .     k - +∞ Axe of Woe
rCold  . . .     Clarity  .     b - +0 leather armour
rNeg   . . .     SustAb   .     (no shield)
rPois  .         Gourm    .     (no helmet)
rElec  .         Spirit   +     (no cloak)
rCorr  .         Warding  .     (no gloves)
rMut   .         NoTele   +     (no boots)
MR     +....                    (no amulet)
Stlth  +.........               (no ring)
                                (no ring)

@: somewhat resistant to hostile enchantments, very unstealthy
A: claws 2, iridescent scales 2, demonic guardian 1, augmentation 1, magic
shield, magic regeneration
a: Minor Destruction, Lesser Servant of Makhleb, Renounce Religion


You were in the Dungeon.
You worshipped Makhleb.
Makhleb was most pleased with you.
You were not hungry.

You visited 1 branch

Inventory:

Hand weapons
 k - the +∞ Axe of Woe (weapon)
   (You found it in the Dungeon)
Missiles
 e - 5 tomahawks of dispersal (quivered)
Armour
 b - a +0 leather armour (worn)
Scrolls
 d - 2 scrolls of blinking
Potions
 f - a potion of curing
 g - a potion of heal wounds
 h - a potion of haste
 i - 2 potions of magic
 j - a potion of berserk rage
Books
 c - a book of Spatial Translocations

   Spells                             Type                      Level
   a - Apportation                    Translocation                1
   b - Blink                          Translocation                2
   c - Shroud of Golubria             Charms/Translocation         2
   d - Portal Projectile              Translocation                3
   e - Teleport Other                 Translocation                3
   f - Passage of Golubria            Translocation                4
Comestibles
 a - a bread ration


   Skills:
 - Level 10.0 Fighting
 - Level 3.6 Throwing
 - Level 3.8 Armour
 * Level 22.5 Dodging
 - Level 9.1 Unarmed Combat
 - Level 10.7 Spellcasting
 - Level 17.1 Translocations
 O Level 27 Invocations


You had 34 spell levels left.
You knew the following spells:

 Your Spells              Type           Power        Failure   Level  Hunger
a - Apportation           Tloc           ######....   0%          1    None


Dungeon Overview and Level Annotations

Branches:
Dungeon (1/1)

Altars:
Makhleb


Innate Abilities, Weirdness & Mutations

You have very sharp fingernails.
You are mostly covered in iridescent scales (AC +6).
A weak demonic guardian rushes to your aid.
Your magical and physical power is slightly enhanced at high health.
When hurt, damage is shared between your health and your magic reserves.
You regenerate magic rapidly.


Message History

Makhleb accepts your kill.
Your Dodging skill gained 2 levels and is now at level 22!
You have mastered Invocations!
You have reached level 15!
Your experience leads to an increase in your attributes!
Increase (S)trength, (I)ntelligence, or (D)exterity?
You feel agile.
Your demonic ancestry asserts itself...
You feel power flowing into your body.
You hear a shout! x13
The bag of meat hits you with a +9 war axe!!
The bag of meat hits your crimson imp with a +9 war axe!!
Your crimson imp dies!
The meat berserker rages.
The bag of meat hits you with a +9 war axe!!
You hear a shout! x4
The bag of meat hits you with a +9 war axe!!
* * * LOW HITPOINT WARNING * * *
You hear a shout! x2
The meat berserker hits you with a +9 battleaxe!!!
You die...

... ........
..........
........o #..... .#
. #.... ..#
...###..O ..###.
........o###.......
#.....o@o_........
.......#.O...#o....
..... #o.<._# .
.... #o....# #.o
..o.._.....
.......###......
.###.o. ..###. #.C.
..# #.o. ..#


You could see a large bag of meat (inner flame), 2 meat berserkers and 10 bags
of meat.

Vanquished Creatures
  2 ogres (D)
  5 orcs (D)
7 creatures vanquished.

Vanquished Creatures (others)
  A crimson imp (D)
  A white imp (D)
2 creatures vanquished.

Grand Total: 9 creatures vanquished

Notes
Turn   | Place    | Note
--------------------------------------------------------------
     0 | D        | BluebellGnoll, the Demonspawn Warper, began the quest for the Orb.
     0 | D        | Reached XP level 1. HP: 16/16 MP: 3/3
     3 | D        | Noticed a bag of meat
     3 | D        | Noticed a meat berserker
     4 | D        | Became a worshipper of Makhleb the Destroyer
     4 | D        | Noticed a bag of meat
     5 | D        | Killed a meat berserker
     5 | D        | Reached skill level 10 in Fighting
     5 | D        | Reached skill level 10 in Spellcasting
     5 | D        | Reached skill level 17 in Translocations
     5 | D        | Gained mutation: You have sharp fingernails. [demonic ancestry]
     5 | D        | Reached XP level 2. HP: 20/35 MP: 3/16
     5 | D        | Reached XP level 3. HP: 23/41 MP: 3/18
     5 | D        | Gained mutation: A weak demonic guardian rushes to your aid. [demonic ancestry]
     5 | D        | Reached XP level 4. HP: 26/47 MP: 3/21
     5 | D        | Reached XP level 5. HP: 29/53 MP: 3/22
     5 | D        | Reached XP level 6. HP: 32/60 MP: 3/24
     5 | D        | Gained mutation: You are partially covered in iridescent scales (AC +4). [demonic ancestry]
     5 | D        | Reached XP level 7. HP: 35/66 MP: 3/25
     5 | D        | Gained mutation: When hurt, damage is shared between your health and your magic reserves. [demonic ancestry]
     5 | D        | Reached XP level 8. HP: 38/72 MP: 3/27
     5 | D        | Reached XP level 9. HP: 41/78 MP: 3/28
     5 | D        | Reached XP level 10. HP: 44/85 MP: 3/29
     5 | D        | Gained mutation: You are mostly covered in iridescent scales (AC +6). [demonic ancestry]
     5 | D        | Reached XP level 11. HP: 46/90 MP: 3/30
     7 | D        | Killed a bag of meat
     7 | D        | Acquired Makhleb's first power
     7 | D        | Reached skill level 15 in Invocations
     7 | D        | Gained mutation: You have very sharp fingernails. [demonic ancestry]
     7 | D        | Reached XP level 12. HP: 49/97 MP: 3/31
     8 | D        | Noticed a bag of meat
     8 | D        | Noticed a meat berserker
     8 | D        | Noticed a bag of meat
     9 | D        | Noticed a bag of meat
     9 | D        | Noticed a bag of meat
     9 | D        | Noticed a bag of meat
    10 | D        | Killed a meat berserker
    10 | D        | Reached skill level 20 in Invocations
    10 | D        | Gained mutation: You regenerate magic rapidly. [demonic ancestry]
    10 | D        | Reached XP level 13. HP: 53/103 MP: 4/33
    11 | D        | Noticed a meat berserker
    11 | D        | Noticed a bag of meat
    11 | D        | Noticed a bag of meat
    12 | D        | Noticed a bag of meat
    12 | D        | Killed a bag of meat
    12 | D        | Acquired Makhleb's second power
    12 | D        | Reached skill level 22 in Invocations
    12 | D        | Killed a bag of meat
    12 | D        | Reached skill level 25 in Invocations
    12 | D        | Reached XP level 14. HP: 110/110 MP: 5/36
    13 | D        | Noticed a meat berserker
    13 | D        | Noticed a bag of meat
    13 | D        | Noticed a bag of meat
    13 | D        | Killed a bag of meat
    13 | D        | Acquired Makhleb's third power
    13 | D        | Reached skill level 26 in Invocations
    13 | D        | Killed a bag of meat
    13 | D        | Reached skill level 27 in Invocations
    13 | D        | Gained mutation: Your magical and physical power is slightly enhanced at high health. [demonic ancestry]
    13 | D        | Reached XP level 15. HP: 115/115 MP: 6/38
    13 | D        | Annihilated by a meat berserker

Action                   |  1- 3 |  4- 6 |  7- 9 | 10-12 | 13-15 || total
-------------------------+-------+-------+-------+-------+-------++-------
Melee: Executioner's axe |     1 |       |       |     2 |     2 ||     5
